AoeStats
← 从不压堡之人

Nomad

507965149Analyzed
4v4 RM · 12d ago on Sep 20, 2026· 26m 16s· 8 players
Game mode
Random Map
Map size
231×231
Population
200
Speed
Normal
Resources
Standard
Victory
Conquest
Starting age
Dark Age
Ending age
Imperial Age
RankedLock teamsTeams togetherTeam positionsShared explorationLock speedFull tech treeHidden civsTurbo modeCheats
Victory
Defeat
🇨🇳 Persians · China
1264
+14
🇳🇱 Tupi · Netherlands
1215
+16
🇨🇳 Franks · China
1213
+16
🇨🇳 Mongols · China
1112
+20
🇨🇳 Mongols · China
1386
-23
🇨🇳 Persians · China
1284
-19
🇨🇳 Spanish · China
1124
-13
1081
-11
零贰cc
9:57 Loom
21:16 Feudal Age
25:36 Scale Barding Armor
Exe188
10:20 Loom
14:14 Feudal Age
18:43 Castle Age
21:45 Double-Bit Axe
21:44 Horse Collar
23:38 Fletching
26:04 Ballistics
小猪桑
3:54 Loom
16:37 Feudal Age
17:46 Fishing Lines
20:22 Castle Age
20:07 Fletching
20:18 Padded Archer Armor
21:03 Double-Bit Axe
25:52 Bodkin Arrow
YUZ
4:12 Loom
叫声乌鸦哥
13:10 Feudal Age
13:24 Loom
13:55 Town Watch
16:54 Castle Age
14:57 Double-Bit Axe
14:53 Fishing Lines
17:47 Bow Saw
18:16 Gillnets
19:14 Fletching
21:49 Gold Mining
22:58 Bodkin Arrow
24:15 Wheelbarrow
26:11 Ballistics
26:53 Gold Shaft Mining
洗心革面重新做人TownYan
14:23 Feudal Age
17:24 Double-Bit Axe
21:16 Castle Age
21:51 Scale Barding Armor
21:57 Forging
22:23 Loom
25:37 Imperial Age
24:30 Fishing Lines
26:43 Bow Saw
从不压堡之人
4:25 Loom
15:54 Feudal Age
16:26 Double-Bit Axe
16:59 Fishing Lines
18:38 Wheelbarrow
19:17 Gold Mining
24:30 Castle Age
25:11 Caravan
25:36 Bow Saw
25:16 Gillnets
25:22 Stone Mining
26:22 Clinker Construction
LLK是给
4:50 Loom
5:27 Loom
18:59 Feudal Age
20:05 Double-Bit Axe
21:14 Wheelbarrow
21:10 Town Watch
23:47 Castle Age
22:36 Fishing Lines
23:29 Gold Mining
23:31 Stone Mining
24:35 Scale Barding Armor
Connection lost

Rejoining the realm…

Still unreachable

The connection could not be restored.

Session expired

The server has moved on; the page needs a fresh start.